AoeStats
← RIO1000

Arabia

508032798Analyzed
2v2 RM · 12d ago on Sep 20, 2026· 48m 42s· 4 players
Game mode
Random Map
Map size
Medium (4 player)
Population
200
Speed
Normal
Resources
Standard
Victory
Conquest
Starting age
Dark Age
Ending age
Imperial Age
RankedLock teamsTeams togetherTeam positionsShared explorationLock speedFull tech treeHidden civsTurbo modeCheats
Victory
Defeat
🇪🇸 Magyars · Spain
973
+15
🇪🇸 Slavs · Spain
906
+18
🇲🇽 Magyars · Mexico
964
-17
🇺🇸 Goths · United States
943
-16
ejmarinpostigo
4:50 Loom
9:43 Feudal Age
14:56 Double-Bit Axe
14:54 Horse Collar
21:34 Castle Age
21:24 Fletching
21:41 Scale Barding Armor
22:22 Thumb Ring
23:29 Bodkin Arrow
27:11 Ballistics
32:46 Bow Saw
33:49 Chain Barding Armor
34:12 Bloodlines
35:44 Husbandry
39:45 Wheelbarrow
40:22 Gold Mining
44:15 Gold Shaft Mining
47:07 Imperial Age
47:03 Stone Mining
47:21 Corvinian Army
47:44 Cavalier
49:03 Plate Barding Armor
48:30 Bracer
48:32 Padded Archer Armor
PeP
1:27 Loom
11:21 Feudal Age
11:47 Double-Bit Axe
12:39 Wheelbarrow
11:58 Gold Mining
12:44 Horse Collar
13:01 Town Watch
20:43 Castle Age
18:48 Stone Mining
19:54 Scale Barding Armor
20:16 Bloodlines
22:06 Forging
22:24 Bow Saw
22:16 Heavy Plow
24:10 Man-at-Arms
25:03 Squires
25:10 Husbandry
27:05 Scale Mail Armor
28:36 Gold Shaft Mining
30:34 Hand Cart
31:07 Fletching
34:51 Pikeman
38:42 Long Swordsman
40:40 Chain Barding Armor
41:32 Ballistics
42:07 Chain Mail Armor
45:32 Imperial Age
43:40 Iron Casting
45:26 Detinets
47:36 Chemistry
46:02 Halberdier
46:06 Cavalier
RIO1000
10:03 Feudal Age
10:30 Loom
10:31 Double-Bit Axe
14:15 Horse Collar
16:20 Wheelbarrow
21:46 Castle Age
20:32 Gold Mining
21:30 Scale Barding Armor
21:49 Bloodlines
23:18 Husbandry
24:25 Chain Barding Armor
24:48 Bow Saw
24:47 Heavy Plow
35:41 Stone Mining
41:15 Hand Cart
42:26 Gold Shaft Mining
42:41 Fletching
46:15 Imperial Age
46:19 Cavalier
snacks165x
9:05 Loom
11:31 Feudal Age
12:01 Man-at-Arms
17:18 Wheelbarrow
23:14 Castle Age
22:35 Scale Mail Armor
22:45 Forging
22:35 Stone Mining
22:37 Gold Mining
24:43 Squires
24:06 Long Swordsman
24:48 Double-Bit Axe
27:35 Horse Collar
28:16 Town Watch
29:09 Hand Cart
29:28 Heavy Plow
30:11 Town Patrol
33:23 Anarchy
34:26 Pikeman
36:48 Elite Skirmisher
Connection lost

Rejoining the realm…

Still unreachable

The connection could not be restored.

Session expired

The server has moved on; the page needs a fresh start.